 Dungeon Crawl Stone Soup version 0.32-a0-913-g739538afd8 (webtiles) character file.

Game seed: 16235529739431203144

5098 asd2613 the Firebug (level 10, -1/69 HPs)
             Began as a Yellow Draconian Fire Elementalist on Apr 8, 2024.
             Was a Priest of Beogh.
             Killed from afar by Nordag the orc apostle (11 damage)
             ... with a foxfire
             ... on level 9 of the Dungeon.
             The game lasted 00:32:33 (9099 turns).

asd2613 the Firebug (DrFE)                          Turns: 9099, Time: 00:32:34

Health: -1/69      AC: 13    Str: 10    XL:     10   Next: 32%
Magic:  4/19       EV: 13    Int: 20    God:    Beogh [***...]
Gold:   418        SH:  0    Dex: 12    Spells: 5/22 levels left

rFire   . . .        y - +4 scimitar (flame)
rCold   . . .        (no shield)
rNeg    . . .        (body armour unavailable)
rPois   .            (helmet restricted)
rElec   .            e - +0 cloak
rCorr   +            (no gloves)
SInv    +            m - +0 pair of boots
Will    .....        (no amulet)
Stlth   +++          g - ring of see invisible
HPRegen 0.31/turn    x - +4 ring of protection
MPRegen 0.16/turn

%: no passive effects
@: no status effects
A: caustic breath, AC +7, unfitting armour, cold-blooded, acid resistance
a: Caustic Breath, Renounce Religion, Smiting


You were on level 9 of the Dungeon.
You worshipped Beogh.
Beogh was most pleased with you.
You visited 2 branches of the dungeon, and saw 10 of its levels.

You collected 418 gold pieces.

Inventory:

Hand Weapons
 y - a +4 scimitar of flaming (weapon)
Missiles
 l - 2 throwing nets
Armour
 e - a +0 cloak (worn)
 m - a +0 pair of boots (worn)
Jewellery
 g - a ring of see invisible (left hand)
 x - a +4 ring of protection (right hand)
Wands
 q - a wand of iceblast (7)
 t - a wand of digging (8)
 z - a wand of charming (10)
Scrolls
 a - a scroll of identify
 f - a scroll of vulnerability
 n - a scroll of teleportation
 o - a scroll of enchant weapon
 r - 2 scrolls of poison
 v - 2 scrolls of amnesia
Potions
 b - a potion of haste
 c - a potion of mutation {unknown}
 d - 3 potions of attraction
 h - a potion of invisibility {unknown}
 i - 3 potions of curing
 j - a potion of enlightenment {unknown}
 k - a potion of resistance {unknown}
 p - a potion of heal wounds
 s - a potion of cancellation {unknown}
 w - 2 potions of ambrosia


   Skills:
 + Level 6.5 Dodging
 + Level 7.0 Stealth
 + Level 6.6 Spellcasting
 - Level 5.0 Conjurations
 + Level 7.5 Fire Magic
 + Level 4.4 Alchemy


You had 5 spell levels left.
You knew the following spells:

 Your Spells              Type           Power      Damage    Failure   Level
a - Foxfire               Conj/Fire      100%       2x1d9     1%          1
b - Scorch                Fire           72%        2d8       1%          2
c - Swiftness             Air            6%         N/A       30%         3
d - Flame Wave            Conj/Fire      31%        2d9       8%          4
e - Passwall              Erth           6%         N/A       30%         3
f - Olgreb's Toxic Radia  Alch           24%        N/A       16%         4

Your spell library contained the following spells:

 Spells                   Type           Power      Damage    Failure   Level
 Momentum Strike          Conj/Tloc      32%        3d8       5%          2
 Inner Flame              Hex/Fire       21%        N/A       6%          3
 Volatile Blastmotes      Fire/Tloc      42%        2d13      6%          3
 Apportation              Tloc           12%        N/A       10%         1
 Blink                    Tloc           12%        N/A       16%         2
 Ensorcelled Hibernation  Hex/Ice        12%        N/A       16%         2
 Jinxbite                 Hex            12%        N/A       16%         2
 Lesser Beckoning         Tloc           12%        N/A       16%         2
 Tukima's Dance           Hex            6%         N/A       30%         3
 Iskenderun's Mystic Bla Conj/Tloc 16%            2d5        (+2d2     34%         4
 Alistair's Intoxication  Alch           16%        N/A       41%         5
 Dimensional Bullseye     Hex/Tloc       3%         N/A       69%         4
 Ozocubu's Refrigeration  Ice            3%         4d8       100%        7
 Discord                  Hex            3%         N/A       100%        8


Dungeon Overview and Level Annotations

Branches:
Dungeon (9/15)             Temple (1/1) D:5            Lair (0/5) D:9
    Orc: D:9-12

Altars:
Ashenzari
Cheibriados
Dithmenos
Elyvilon
Gozag
Hepliaklqana
Kikubaaqudgha
Nemelex Xobeh
Okawaru
Qazlal
Ru
Sif Muna
Trog
Uskayaw
Vehumet
Xom
Zin
The Shining One

Annotations:
D:9 Pikel


Innate Abilities, Weirdness & Mutations

Your facial features look somewhat orcish.
You can breathe corrosive fumes.
Your golden yellow scales are hard. (AC +7)
You cannot fit into any form of body armour.
You are cold-blooded and may be slowed by cold attacks.
You are resistant to acid. (rCorr)


Message History

The polar bear claws you.
* * * LOW HITPOINT WARNING * * *
Nordag moves out of view.
You hit the polar bear. You burn the polar bear.
Your tail-slap misses the polar bear.
The polar bear is heavily wounded.
The ice encasing you melts away.
The polar bear bites you but does no damage.
The polar bear claws you but does no damage.
The polar bear misses you.
Unknown command.
You feel much better.
The polar bear bites you but does no damage.
The polar bear barely misses you. The polar bear claws you.
You slash the polar bear! You burn the polar bear.
The polar bear is almost dead.
The polar bear goes berserk!
The lemure hits you. The polar bear bites you!
* * * LOW HITPOINT WARNING * * *
The polar bear claws you but does no damage.
The polar bear completely misses you. The lemure misses you.
Unknown command.
You closely miss the polar bear. You tail-slap the polar bear.
The polar bear is almost dead.
The polar bear completely misses you. The polar bear misses you.
The polar bear claws you but does no damage.
Nordag gestures wildly while chanting.
Nordag conjures some foxfire!
The lemure hits you but does no damage. The lemure barely misses you.
The polar bear closely misses you. The polar bear claws you.
* * * LOW HITPOINT WARNING * * *
The polar bear claws you but does no damage.
The lemure misses you.
Nordag mumbles some strange words.
Nordag conjures some foxfire! 4 foxfires come into view.
You hit the polar bear. You burn the polar bear.
The polar bear is almost dead.
The foxfire hits you!
You die...
Beogh appreciates Nordag's killing of a heretic priest.

.................................
............................†....
.....................c.[.........
.................§...............
......#..........§o§.............
.......#######..§§§##############
.........# #.§vKv# ..#.#...##
#v5555# . ##.....# #.v@..#
#.....# #.).h.# .#.....###
#.....# >........?.###.....#
...#......h........#
..#.#.....####.....# ..###....~#
#.....# . #.....## #.....#
.......# #...$.#


You could see Nordag the orc apostle (divinely empowered), a polar bear
(berserk), Pikel, 4 lemures and a centaur.

Vanquished Creatures
  Erica (D:8)
  A rime drake (D:9)
  Psyche (D:8)
  Prince Ribbit (D:6)
  5 yaks (D:9)
  2 steam dragons
  3 ice beasts
  An orc warrior (D:8)
  A sky beast (D:6)
  An ogre (D:4)
  A wolf (D:9)
  3 centaurs
  A kobold brigand (D:6)
  A bullfrog (D:9)
  2 scorpions (D:5)
  A gnoll sergeant (D:8)
  7 wights
  5 killer bees (D:9)
  3 howler monkeys (D:7)
  2 bombardier beetles
  An electric eel (D:8)
  4 hounds
  3 orc priests
  A sleepcap (D:5)
  3 iguanas
  3 orc wizards
  2 ogre zombies (D:9)
  13 gnolls
  5 adders
  2 ufetubi (D:6)
  4 dart slugs
  4 ribbon worms
  20 orcs
  9 endoplasms
  A giant cockroach (D:1)
  10 goblins
  4 hobgoblins
  10 jackals (D:1)
  A quokka (D:4)
  5 ball pythons
  3 bats
  3 frilled lizards
  2 gnoll skeletons (D:9)
  2 gnoll zombies (D:9)
  7 kobolds
  An orc skeleton (D:9)
  12 orc zombies (D:9)
  4 rats
182 creatures vanquished.

Vanquished Creatures (collateral kills)
  7 foxfires
7 creatures vanquished.

Vanquished Creatures (others)
  A yak (D:9)
  An orc priest (D:9)
  556 foxfires
558 creatures vanquished.

Grand Total: 747 creatures vanquished

Notes
Turn   | Place    | Note
-------+----------+-------------------------------------------
     0 | D:1      | asd2613 the Draconian Fire Elementalist began the quest for
                  | the Orb.
     0 | D:1      | Reached XP level 1. HP: 14/14 MP: 3/3
   287 | D:1      | Found a faded altar of an unknown god.
   290 | D:1      | Reached XP level 2. HP: 20/20 MP: 3/5
   766 | D:1      | Reached XP level 3. HP: 26/26 MP: 0/6
   780 | D:1      | Learned a level 2 spell: Scorch
  2156 | D:3      | Learned a level 3 spell: Swiftness
  2243 | D:3      | Reached XP level 4. HP: 31/33 MP: 0/7
  2496 | D:3      | Reached XP level 5. HP: 20/38 MP: 1/9
  2574 | D:3      | Found a stormy altar of Qazlal.
  3120 | D:4      | Found a shimmering blue altar of Sif Muna.
  3205 | D:4      | Became a worshipper of Beogh the Shepherd
  3447 | D:4      | Identified the +1 leather armour of Whack-A-Mole {+Blink
                  | Str+4}
  3773 | D:4      | Reached XP level 6. HP: 45/45 MP: 6/10
  4542 | D:5      | Entered Level 5 of the Dungeon
  4851 | D:5      | Your scales start taking on a golden yellow colour.
  4851 | D:5      | Reached XP level 7. HP: 50/50 MP: 4/12
  4851 | D:5      | Gained mutation: You are resistant to acid. (rCorr) [Yellow
                  | Draconian growth]
  5088 | D:5      | Reached * piety under Beogh
  5248 | D:5      | Found a staircase to the Ecumenical Temple.
  5257 | Temple   | Entered the Ecumenical Temple
  5677 | D:5      | Learned a level 4 spell: Flame Wave
  5686 | D:6      | Noticed Prince Ribbit
  5697 | D:6      | Killed Prince Ribbit
  5698 | D:6      | Reached skill level 5 in Fire Magic
  5698 | D:6      | Reached XP level 8. HP: 57/57 MP: 0/14
  6064 | D:6      | Reached skill level 5 in Stealth
  6526 | D:6      | Learned a level 3 spell: Passwall
  6799 | D:7      | Reached skill level 5 in Conjurations
  6804 | D:7      | Reached skill level 5 in Spellcasting
  6816 | D:7      | Learned a level 4 spell: Olgreb's Toxic Radiance
  7073 | D:7      | Reached skill level 5 in Dodging
  7161 | D:7      | Reached skill level 1 in Alchemy
  7167 | D:7      | Reached XP level 9. HP: 52/62 MP: 6/16
  7504 | D:7      | You fall into a shaft and drop 1 floor!
  7824 | D:8      | Noticed Erica
  7835 | D:8      | Killed Erica
  7970 | D:8      | Noticed Psyche
  7981 | D:8      | Killed Psyche
  8022 | D:8      | Reached ** piety under Beogh
  8756 | D:9      | Reached XP level 10. HP: 29/69 MP: 7/19
  9061 | D:9      | Reached *** piety under Beogh
  9061 | D:9      | Noticed Pikel
  9078 | D:9      | Found a staircase to the Lair.
  9094 | D:9      | Identified the +8 dagger of Lesuv {holy, Str+7 Dex+3}
  9094 | D:9      | Identified the +2 robe of the Ecumenical Temple {Regen+
                  | Str+3}
  9094 | D:9      | Noticed Nordag
  9099 | D:9      | Killed from afar by Nordag the orc apostle

Illustrated notes

Levels and vault maps discovered:
D:1:      dpeg_arrival_snail, layout_loops_ring,
          shapermc_ecumenical_altar_mp_urbaneastern
D:2:      layout_basic, serial_forest, infiniplex_forest_clump_large,
          infiniplex_forest_clump_small, infiniplex_forest_lined_3,
          infiniplex_forest_end_1, infiniplex_forest_zigzag_1,
          infiniplex_forest_clump_cross
D:3:      layout_rooms, mainiacjoe_overflow_catwalk
D:4:      cheibrodos_pilgrimage, layout_gridville, mainiacjoe_overflow_chevrons
D:5:      layout_loops_ring, minmay_temple_entry_ruins, columned_hall_lemuel,
          solitary_fountain
D:6:      layout_basic, lemuel_zombie_altar_yredelemnul,
          mainiacjoe_overflow_alcove_1, uniq_prince_ribbit1
D:7:      layout_gridville, nicolae_wu_jian_wuxing_cycle, nicolae_elemental_shop
D:8:      layout_basic, roderic_serpentine_path, uniq_psyche, uniq_erica
D:9:      layout_cross, makhleb_altar_promises_db, hellmonk_lair_entry_icy,
          zombieorc2_lemuel, enter_bailey_2, kb_lookout_dungeons_type,
          uniq_pikel
Temple:   nicolae_temple_superstar

Skill      XL: |  1  2  3  4  5  6  7  8  9 10 |
---------------+-------------------------------+-----
Stealth        | 2 3 4 5 6 7 |  7.0
Dodging        | 2 3 4 5 6 |  6.5
Conjurations   | 2 3 4 5 |  5.0
Spellcasting   | 3 4 5 6 |  6.6
Fire Magic     | 4 5 6 7 |  7.5
Alchemy        | 1 3 4 |  4.4

Action                     |  1- 3 |  4- 6 |  7- 9 | 10-12 || total
---------------------------+-------+-------+-------+-------++-------
  Melee: Unarmed           |    26 |     4 |    23 |       ||    53
         Tailslap          |     4 |     1 |     7 |     4 ||    16
         Punch             |     1 |       |       |       ||     1
         Scimitar          |       |       |     7 |    20 ||    27
   Cast: Foxfire           |    65 |   113 |   106 |    31 ||   315
         Scorch            |       |    13 |    40 |     4 ||    57
         Flame Wave        |       |       |     7 |     1 ||     8
         Olgreb's Toxic Ra |       |       |       |     2 ||     2
 Invoke: Convert to Beogh  |       |     1 |       |       ||     1
Ability: Caustic Breath    |       |       |     2 |       ||     2
    Use: Scroll            |       |     9 |     3 |     5 ||    17
         Potion            |       |     1 |       |     1 ||     2
 Armour: Skin              |    26 |    40 |    90 |    53 ||   209
  Dodge: Dodged            |    32 |    38 |    83 |    47 ||   200

Table legend: (Time is in decaauts)
 A = Elapsed time spent in this place.
 B = Non-inter-level travel time spent in this place.
 C = Inter-level travel time spent in this place.
 D = Time resting spent in this place.
 E = Time spent auto-exploring this place.
 F = Levels seen in this place.
 G = Mean time per level.
                   A        B        C        D        E       F      G
               +--------+--------+--------+--------+--------+-----+--------+
         Total |   9109 |   8883 |    226 |    474 |   6818 |  10 |  910.9 |
       Dungeon |   9108 |   8882 |    226 |    474 |   6818 |   9 | 1012.0 |
        Temple |      1 |      1 |      0 |      0 |      0 |   1 |    1.0 |
               +--------+--------+--------+--------+--------+-----+--------+

Top non-repeatable levels by time:
     D:4: 1699 daAuts
     D:1: 1246 daAuts
     D:8: 1246 daAuts
     D:6: 1206 daAuts
     D:5: 1132 daAuts
     D:2: 900 daAuts
     D:3: 693 daAuts
     D:7: 621 daAuts
     D:9: 360 daAuts
  Temple: 1 daAuts
